Map: Goldenaura LE

Players

ManlyManMeat - Winner!

  • Race: Zerg Zerg
  • Spawn Location: 5:00

VOD

Have the link to the VOD?

Description

Time

  • Played on: Sept. 10, 2024, 3:45 a.m.
  • Length: 11:46
Show
View Real Time Build Order
Export as new Build Order

ManlyManMeat Zerg - Winner!

Build Orders:  

Get SALT Encoding   

  12  0:01  Drone  
  13  0:16  Drone  
  14  0:24  Overlord  
  14  0:52  Drone x3  
  17  1:15  Hatchery  
  16  1:23  Drone  
  16  1:25  Drone  
  18  1:56  Spawning Pool  
  18  1:59  Drone  
  18  2:01  Drone  
  15  2:20  Drone  
  19  2:27  Extractor  
  19  2:40  Drone  
  19  2:41  Drone  
  21  2:58  Drone x2  
  23  3:02  Queen  
  23  3:04  Queen  
  23  3:08  Drone  
  28  3:18  Overlord  
  28  3:43  Overlord  
  28  3:44  Hatchery  
  28  3:46  Drone x2  
  28  3:49  Drone  
  30  4:10  Queen  
  30  4:14  Drone x3  
  35  4:22  Extractor  
  35  4:29  Drone x3  
  37  4:47  Zergling x8  
  37  4:48  Zergling x2  
  42  4:57  Overlord  
  42  5:00  Overlord  
  42  5:02  Drone x2  
  44  5:34  Drone x4  
  44  5:35  Drone  
  44  5:38  Overlord  
  49  5:44  Zergling x2  
  50  6:04  Drone x2  
  50  6:05  Drone x4  
  56  6:20  Evolution Chamber  
  56  6:21  Evolution Chamber  
  56  6:24  Drone x2  
  56  6:27  Drone  
  56  6:28  Drone x3  
  56  6:29  Drone x2  
  62  6:34  Extractor  
  62  6:35  Extractor  
  60  6:55  Drone x2  
  60  6:56  Drone x2  
  60  6:57  Drone  
  65  7:00  Drone x2  
  65  7:03  Overlord  
  65  7:04  Overlord  
  65  7:05  Zergling x2  
  65  7:06  Zergling x4  
  70  7:13  Zerg Melee Weapons Level 1  
  70  7:22  Overlord  
  70  7:23  Overlord  
  70  7:25  Zergling x6  
  73  7:58  Overlord  
  73  7:59  Overlord  
  73  8:00  Overlord  
  73  8:02  Zergling x14  
  73  8:07  Metabolic Boost  
  73  8:08  Extractor  
  79  8:11  Zergling x4, Extractor  
  80  8:31  Zergling x6  
  80  8:32  Zergling x2  
  84  8:54  Baneling Nest  
  83  9:03  Drone x5  
  83  9:04  Drone  
  89  9:29  Zergling x20  
  99  9:40  Hatchery  
  99  9:41  Hatchery  
  99  9:43  Drone x2  
  99  9:44  Hatchery  
  99  9:47  Hatchery  
  97  9:50  Overlord  
  97  9:52  Drone, Overlord  
  97  9:58  Drone x4  
  102  10:03  Drone x2  
  102  10:04  Drone  
  102  10:05  Drone x2  
  107  10:16  Baneling x9  
  107  10:17  Baneling x5  
  107  10:18  Baneling x4  
  107  10:19  Baneling  
  107  10:40  Zergling x30  
  121  10:56  Baneling x7  
  119  11:05  Zergling x12  
Tags
 
Add a new tag
Caveats
  • Supply blocks, unpowered buildings, or Contaminate may cause inaccurate times.
  • Supply counts are checked every 10 seconds.